 Dungeon Crawl Stone Soup version 0.27-a0-277-g024f7ef292 (webtiles) character file.

Game seed: 9635338904907416790

684297 Morbidden the Peltast (level 27, 149/149 (151) HPs)
             Began as a Vine Stalker Fighter on Jan 11, 2021.
             Was an Initiate of Gozag.
             Quit the game on level 3 of Gehenna on Feb 15, 2021.
             The game lasted 02:47:43 (66003 turns).

Morbidden the Peltast (Vine Stalker Fighter)       Turns: 66003, Time: 02:47:43

HP:   149/149 (151) AC: 37    Str: 35    XL:     27
MP:   45/45         EV: 15    Int: 24    God:    Gozag
Gold: 6353          SH: 35    Dex: 20    Spells: 38/61 levels left

rFire    + + .     SeeInvis .   b - +9 quick blade (elec)
rCold    . . .     Faith    .   Q - +18 shield of the Gong {rElec rN+ Will+ EV-5}
rNeg     + + .     Spirit   +   l - +8 plate armour of Abomodit {Will+ Stlth+}
rPois    +         Reflect  .   c - +2 helmet {Int+3}
rElec    +         Harm     .   f - +2 cloak {rPois}
rCorr    .         Rampage  +   I - +2 pair of gloves {Str+3}
Will     +++++                  T - +2 pair of boots {rampage}
Stlth    ++........             Z - amulet "Cofag" {rN+ Regen+ Dex+7 Stlth+}
HPRegen  1.54/turn              J - ring "Hufovith" {Wiz rF+ Str+8 Int+4 Dex-3}
MPRegen  0.29/turn              E - ring "Teashiahe" {rF+ Str+3 Slay+4}

@: studying Translocations, lightly drained
A: fangs 3, regeneration 2, magic shield, antimagic bite, no potion heal 3
}: 3/15 runes: decaying, serpentine, silver
a: Renounce Religion, Potion Petition, Call Merchant, Bribe Branch


You were on level 3 of Gehenna.
You worshipped Gozag.
Gozag was greatly pleased with you.
You visited 12 branches of the dungeon, and saw 52 of its levels.
You visited 1 bazaar.
You also visited: Gauntlet, Ice Cave and Desolation.

You collected 42209 gold pieces.
You spent 7897 gold pieces at shops.
You paid 27959 gold pieces to Gozag.

Inventory:

Hand Weapons
 a - a +9 demon blade of electrocution
 b - a +9 quick blade of electrocution (weapon)
Missiles
 j - 94 boomerangs
 x - 32 javelins (quivered)
 K - 19 curare-tipped darts
 O - 19 silver boomerangs
 U - 26 silver javelins
Armour
 c - a +2 helmet of intelligence (worn)
 f - a +2 cloak of poison resistance (worn)
 l - the +8 plate armour of Abomodit (worn) {Will+ Stlth+}
   (You found it on level 3 of the Crypt)

   It affects your willpower, your defense against some magical effects.
   It makes you more stealthy.
 z - a +1 tower shield
 I - a +2 pair of gloves of strength (worn)
 Q - the +18 shield of the Gong (worn) {rElec rN+ Will+ EV-5}
   (You found it on level 4 of the Depths)

   It affects your evasion (-5).
   It insulates you from electricity.
   It protects you from negative energy.
   It affects your willpower, your defense against some magical effects.
 T - a +2 pair of boots of rampaging (worn)
Jewellery
 o - the ring "Ula Dovocaq" {AC+4 Str+5 Int+3 Dex+3}
   (You found it in the Desolation of Salt)

   [ring of protection]

   It affects your AC (+4).
   It affects your strength (+5).
   It affects your intelligence (+3).
   It affects your dexterity (+3).
 p - the ring "Korututi" {rPois Str+6 Slay+4 Stlth+}
   (You found it on level 3 of the Crypt)

   [ring of slaying]

   It affects your strength (+6).
   It affects your accuracy and damage with ranged weapons and melee attacks
   (+4).
   It protects you from poison.
   It makes you more stealthy.
 E - the ring "Teashiahe" (right hand) {rF+ Str+3 Slay+4}
   (You found it in a Gauntlet)

   [ring of slaying]

   It affects your strength (+3).
   It affects your accuracy and damage with ranged weapons and melee attacks
   (+4).
   It protects you from fire.
 F - the ring of Tiduh {rElec rC+}
   (You found it in a Gauntlet)

   [ring of protection from cold]

   It protects you from cold.
   It insulates you from electricity.
 J - the ring "Hufovith" (left hand) {Wiz rF+ Str+8 Int+4 Dex-3}
   (You bought it in a shop on level 1 of the Lair of Beasts)

   [ring of wizardry]

   It improves your spell success rate.
   It affects your strength (+8).
   It affects your intelligence (+4).
   It affects your dexterity (-3).
   It protects you from fire.
 Z - the amulet "Cofag" (around neck) {rN+ Regen+ Dex+7 Stlth+}
   (You bought it in a shop on level 1 of the Lair of Beasts)

   [amulet of regeneration]

   It affects your dexterity (+7).
   It protects you from negative energy.
   It increases your rate of regeneration.
   It makes you more stealthy.
Wands
 v - a wand of paralysis (20)
 B - a wand of digging (24)
 L - a wand of acid (38)
 V - a wand of mindburst (20)
 W - a wand of iceblast (31)
Scrolls
 e - 21 scrolls of teleportation
 g - 3 scrolls of summoning
 k - 7 scrolls of identify
 m - 7 scrolls of blinking
 n - 3 scrolls of holy word
 A - 6 scrolls of silence
 C - 24 scrolls of remove curse
 D - 6 scrolls of magic mapping
 P - 2 scrolls of enchant armour
 S - 2 scrolls of fear
Potions
 d - 12 potions of might
 i - 8 potions of flight
 q - 3 potions of cancellation
 s - 8 potions of haste
 t - 17 potions of curing
 u - 2 potions of resistance
 w - a potion of invisibility
 N - 6 potions of berserk rage
 R - 3 potions of magic
 X - 5 potions of mutation
 Y - 11 potions of brilliance
Miscellaneous
 h - a box of beasts
 r - a phantom mirror
 y - a tin of tremorstones (2/2)
 H - the horn of Geryon
 M - a condenser vane


   Skills:
 * Level 17.9 Fighting
 + Level 10.5(14.4) Short Blades
 + Level 16.0(17.0) Long Blades
 + Level 9.6(9.8) Slings
 + Level 2.8(6.7) Throwing
 + Level 11.5 Armour
 * Level 15.2 Dodging
 + Level 9.5 Stealth
 + Level 18.7 Shields
 * Level 17.8 Spellcasting
 * Level 12.0 Conjurations
 * Level 15.4 Necromancy
 * Level 7.2 Translocations
 * Level 11.1 Transmutations
 * Level 8.0 Earth Magic
 * Level 7.9 Poison Magic
 + Level 10.4 Evocations


You had 38 spell levels left.
You knew the following spells:

 Your Spells              Type           Power        Failure   Level
a - Vampiric Draining     Necr           38%          1%          3
b - Iskenderun's Mystic   Conj/Tloc      61%          1%          4
c - Eringya's Noxious Bo  Tmut/Pois      30%          16%         6
d - Lehudib's Crystal Sp  Conj/Erth      31%          99%         8
r - Searing Ray           Conj           100%         1%          2

Your spell library contained the following spells:

 Spells                   Type           Power        Failure   Level
 Animate Skeleton         Necr           100%         0%          1
 Pain                     Necr           100%         0%          1
 Apportation              Tloc           100%         1%          1
 Beastly Appendage        Tmut           100%         1%          1
 Foxfire                  Conj/Fire      100%         1%          1
 Magic Dart               Conj           100%         1%          1
 Shock                    Conj/Air       100%         1%          1
 Sting                    Tmut/Pois      100%         1%          1
 Blink                    Tloc           N/A          1%          2
 Corpse Rot               Necr/Air       N/A          1%          2
 Passwall                 Tmut/Erth      50%          1%          2
 Poisonous Vapours        Pois/Air       80%          1%          2
 Sublimation of Blood     Necr           38%          1%          2
 Wereblood                Tmut           66%          1%          2
 Conjure Flame            Conj/Fire      50%          1%          3
 Dazzling Flash           Conj/Hex       100%         1%          3
 Gell's Gravitas          Tloc           27%          1%          3
 Ignite Poison            Fire/Tmut/Pois 51%          1%          3
 Lesser Beckoning         Tloc           27%          1%          3
 Mephitic Cloud           Conj/Pois/Air  52%          1%          3
 Spider Form              Tmut/Pois      30%          1%          3
 Static Discharge         Conj/Air       50%          1%          3
 Stone Arrow              Conj/Erth      100%         1%          3
 Animate Dead             Necr           38%          1%          4
 Dispel Undead            Necr           77%          1%          4
 Olgreb's Toxic Radiance  Pois           56%          1%          4
 Petrify                  Tmut/Erth      61%          1%          4
 Agony                    Necr           77%          1%          5
 Blade Hands              Tmut           33%          1%          5
 Excruciating Wounds      Necr           38%          1%          5
 Irradiate                Conj/Tmut      33%          1%          5
 Death Channel            Necr           38%          1%          6
 Alistair's Intoxication  Tmut/Pois      40%          2%          5
 Portal Projectile        Hex/Tloc       76%          3%          3
 Corona                   Hex            23%          4%          1
 Summon Small Mammal      Summ           84%          4%          1
 Fulminant Prism          Conj/Hex       25%          4%          4
 Ice Form                 Ice/Tmut       48%          4%          4
 Sticky Flame             Conj/Fire      50%          4%          4
 Call Imp                 Summ           21%          8%          2
 Ensorcelled Hibernation  Hex/Ice        42%          8%          2
 Slow                     Hex            21%          8%          2
 Swiftness                Air            21%          8%          2
 Hydra Form               Tmut           33%          8%          6
 Leda's Liquefaction      Hex/Erth       20%          10%         4
 Fireball                 Conj/Fire      25%          12%         5
 Lightning Bolt           Conj/Air       25%          12%         5
 Yara's Violent Unravell  Hex/Tmut       24%          14%         5
 Call Canine Familiar     Summ           21%          16%         3
 Confusing Touch          Hex            21%          16%         3
 Frozen Ramparts          Ice            42%          16%         3
 Inner Flame              Hex/Fire       21%          16%         3
 Ozocubu's Armour         Ice            21%          16%         3
 Summon Guardian Golem    Hex/Summ       21%          16%         3
 Tukima's Dance           Hex            21%          16%         3
 Summon Forest            Summ/Tloc      19%          28%         5
 Orb of Destruction       Conj           34%          28%         7
 Simulacrum               Ice/Necr       27%          30%         6
 Dragon Form              Tmut           33%          38%         7
 Airstrike                Air            10%          43%         4
 Cause Fear               Hex            10%          43%         4
 Summon Ice Beast         Ice/Summ       21%          43%         4
 Summon Lightning Spire   Summ/Air       21%          43%         4
 Conjure Ball Lightning   Conj/Air       25%          52%         6
 Metabolic Englaciation   Hex/Ice        10%          77%         5
 Silence                  Hex/Air        10%          77%         5
 Necromutation            Tmut/Necr      35%          77%         8
 Freezing Cloud           Conj/Ice/Air   20%          78%         6
 Invisibility             Hex            21%          99%         6
 Malign Gateway           Summ/Tloc      19%          100%        7
 Summon Hydra             Summ           10%          100%        7
 Chain Lightning          Conj/Air       25%          100%        8
 Discord                  Hex            10%          100%        8
 Ignition                 Fire           10%          100%        8
 Absolute Zero            Ice            10%          100%        9
 Fire Storm               Conj/Fire      25%          100%        9
 Shatter                  Erth           28%          100%        9
 Tornado                  Air            10%          100%        9


Dungeon Overview and Level Annotations

Branches:
Dungeon (15/15)            Temple (1/1) D:4            Lair (6/6) D:8
  Swamp (4/4) Lair:2        Snake (4/4) Lair:4        Slime (0/5) Lair:5
    Orc (2/2) D:11            Elf (3/3) Orc:2        Vaults (5/5) D:14
  Crypt (3/3) Vaults:2       Tomb (0/3) Crypt:3      Depths (5/5) D:15
   Hell (visited)             Dis (0/7) Hell            Geh (3/7) Hell
    Coc (0/7) Hell            Tar (0/7) Hell            Zot (0/5) Depths:5
  IceCv (visited)         Desolation (visited)      Gauntlet (visited)

Altars:
Ashenzari
Cheibriados
Dithmenos
Elyvilon
Fedhas
Gozag
Hepliaklqana
Kikubaaqudgha
Makhleb
Nemelex Xobeh
Qazlal
Sif Muna
Trog
Uskayaw
Xom
Yredelemnul
Zin
The Shining One
Beogh

Shops:
D:7 (!   D:11 :   D:12 (?   Orc:2 ([([   Lair:1 ([===!(==([[([[*   Vaults:4 (

Portals:
Hell: Depths:1 Depths:2 Depths:3 Depths:4 Depths:5
Abyss: Depths:1 Depths:2 Depths:4 Depths:5
Pandemonium: Depths:3
Ziggurat: Depths:1

Annotations:
D:10 2 transporters, rruziro's ghost, novice MiFi
Lair:1 exclusion: oklob plant
Elf:2 5 runed translucent doors
Depths:5 2 transporters, Dwachs's ghost, veteran GnIE


Innate Abilities, Weirdness & Mutations

You have razor-sharp teeth.
You heal very quickly.
When hurt, damage is shared between your health and your magic reserves.
Your bite disrupts and absorbs the magic of your enemies.
Potions cannot restore your health.


Message History

Unknown command.
You puncture the nameless horror! You bite the nameless horror.
You drain its power.
The nameless horror is severely damaged.
A nameless horror is nearby!
You impale the nameless horror!!
Lightning courses through the nameless horror!!
You destroy the nameless horror!
Unknown command.
No target in view!
Unknown command.
No target in view!
Save game and exit?
Welcome back, Morbidden the Vine Stalker Fighter.
Gozag says: Greed is good.
Press ? for a list of commands and other information.
Unknown command.
Unknown command.
Unknown command.
Are you sure you want to abandon this character and quit the game? (Confirm with "yes".)

#...........####..#
####..........# #..#
####..###..≈....## ####
##.#...###.≈.....# #.
#...#...........## #####
##...#.........### ##...#
#...............#####.....
##...............#..#.....
##.......@>..#............
##............##....#......
#.............#######...##.
#'#...........# #...####
##.##.....)...##.. #...#.#.
##...##........'...
#.......
#....∩'........##..
##.###.## ##...##....)####
#..# ### ####.##....§.)####
#.##


There were no monsters in sight!

Vanquished Creatures
  Mara (Crypt:1)
  An ancient lich (Crypt:3)
  2 juggernauts (Depths:3)
  Sojobo (Depths:3)
  Boris (6 times) (Vaults:3 Vaults:4 Crypt:1 Crypt:3 Depths:4 Vaults:5)
  A royal mummy (Crypt:3)
  Bai Suzhen (Vaults:4)
  Vashnia (Snake:2)
  Frederick (Depths:4)
  5 caustic shrikes
  Geryon (Hell)
  the Enchantress (Depths:3)
  Nikola (Vaults:3)
  7 golden dragons
  A bone dragon (Crypt:2)
  A profane servitor (Crypt:2)
  A hellephant (Hell)
  10 Brimstone Fiends
  Rupert (Lair:4)
  Jorgrun (Swamp:1)
  7 tentacled monstrosities
  Asterion (Snake:2)
  5 titans
  A quicksilver dragon (Depths:4)
  9 liches
  2 deep elf blademasters (Elf:3)
  3 deep elf master archers (Elf:3)
  7 sphinxes
  Kirke (D:12)
  8 shadow dragons
  2 ancient champions
  Donald (Snake:4)
  4 storm dragons
  7 nagarajas (Snake:4)
  14 tengu reavers
  3 revenants
  A draconian monk (Depths:5)
  3 fenstrider witches (Swamp:4)
  12 fire giants
  Louise (Depths:4)
  3 orc warlords
  13 vault wardens
  8 deep elf sorcerers
  3 iron dragons
  Aizul (Snake:2)
  11 frost giants
  6 balrugs
  The ghost of chispire the Fencer, a journeyman MiBe of Trog (Swamp:1)
  5 curse skulls
  4 imperial myrmidons (Desolation)
  19 reapers
  2 angels (Vaults:2)
  A draconian shifter (Depths:5)
  4 spriggan defenders
  18 stone giants
  17 ironheart preservers
  4 war gargoyles
  8 ghouls
  6 deep elf elementalists
  39 very ugly things
  5 deep elf demonologists
  8 vampire knights
  2 lorocyprocas
  6 deep elf annihilators
  An entropy weaver (shapeshifter) (Depths:5)
  Azrael (Snake:2)
  A white draconian (Depths:5)
  5 bunyips
  An entropy weaver (Vaults:5)
  8 eidola
  2 red draconians (Depths:5)
  3 halazid warlocks (Desolation)
  2 merfolk javelineers (Depths:3)
  A minotaur (Gauntlet)
  3 spark wasps
  A green death (Swamp:4)
  3 blizzard demons
  12 deep elf death magi
  A kraken zombie (Hell)
  11 ettins
  4 eleionomae
  6 ragged hierophants (Desolation)
  14 fire dragons
  A shambling mangrove (Swamp:4)
  2 crystal guardians
  2 quicksilver dragon zombies
  14 jiangshi
  5 deep elf high priests
  Erolcha (D:10)
  4 great orbs of eyes
  18 ogre magi
  16 yaktaur captains
  22 hydras
  15 naga warriors
  25 vault guards
  9 peacekeepers (Desolation)
  A quicksilver dragon skeleton (Geh:2)
  7 servants of whispers (Desolation)
  3 boulder beetles
  2 ghost crabs
  11 ice dragons
  A hell beast (Depths:5)
  Erica (D:10)
  5 rakshasas
  54 two-headed ogres
  10 alligators
  3 spriggan air magi
  13 centaur warriors
  16 anacondas
  2 death knights
  7 deep troll shamans
  An anaconda (shapeshifter) (Vaults:2)
  3 death yaks
  8 vampire magi
  5 deep troll earth magi
  9 tengu warriors
  4 orc high priests
  23 hell hogs
  13 naga sharpshooters
  11 shock serpents
  2 titan zombies
  4 iron golems
  18 deep elf knights
  4 spriggan berserkers
  51 hell knights
  31 spriggans
  12 soul eaters
  14 sun demons
  2 golden dragon zombies (Crypt:3)
  3 salamander mystics
  A titan skeleton (Crypt:2)
  3 shadow wraiths (Crypt:2)
  16 skeletal warriors
  A sea snake (shapeshifter) (Vaults:4)
  5 iron trolls
  A death drake (shapeshifter) (Depths:3)
  2 storm dragon skeletons (Geh:1)
  4 goliath frogs
  A ghost moth zombie (Geh:2)
  14 flayed ghosts
  A spark wasp zombie (Depths:1)
  4 glowing orange brains
  19 deep trolls
  8 naga ritualists
  10 unseen horrors
  3 spriggan druids
  5 anaconda zombies
  2 deep trolls (shapeshifter)
  6 wizards
  An entropy weaver zombie (Crypt:2)
  2 golden dragon skeletons
  A swamp dragon (shapeshifter) (Elf:3)
  2 swamp dragons
  Pikel (D:4)
  A harpy (shapeshifter) (Depths:3)
  21 deep elf archers
  7 bog bodies
  31 orc knights
  27 ironbrand convokers
  39 necromancers
  20 phantasmal warriors
  A lindwurm (shapeshifter) (Depths:2)
  4 anaconda skeletons
  3 shadow dragon zombies
  A tengu zombie (Hell)
  61 deep elf pyromancers
  An iron dragon zombie (Geh:1)
  An iron giant skeleton (Crypt:1)
  14 wolf spiders
  14 mana vipers
  3 wolf spider zombies
  10 cyclopes
  50 ugly things
  3 frost giant zombies
  8 orc sorcerers
  2 manticores
  9 salamanders
  4 iron dragon skeletons
  8 will-o-the-wisps
  2 fire giant zombies
  5 stone giant zombies
  4 frost giant skeletons
  3 shadow dragon skeletons
  14 guardian serpents
  2 dire elephant zombies
  2 shock serpent zombies
  Joseph (D:10)
  A black mamba (shapeshifter) (Vaults:5)
  7 elephants (Lair:5)
  5 rust devils
  3 ice statues
  A fire giant skeleton (Geh:3)
  A torpor snail (shapeshifter) (Depths:4)
  2 centaur zombies
  14 vault sentinels
  42 black mambas
  A stone giant skeleton (Crypt:3)
  9 cane toads
  24 naga magi
  2 centaur skeletons
  A gargoyle (D:14)
  Maggie (D:9)
  A shock serpent skeleton (Geh:3)
  5 spectral swamp worms (Depths:5)
  41 yaktaurs
  2 smoke demons
  7 molten gargoyles
  2 dire elephant skeletons
  13 hellions
  2 cane toads (shapeshifter)
  A human zombie (Vaults:1)
  2 orange demons (Swamp:4)
  An emperor scorpion zombie (Crypt:3)
  A kobold demonologist (D:12)
  11 tormentors
  17 freezing wraiths
  A redback zombie (D:14)
  A spark wasp simulacrum (Depths:1)
  3 yaktaur zombies (Hell)
  4 efreet
  8 komodo dragons
  2 tengu conjurers (D:14)
  A minotaur skeleton (Geh:3)
  An ice devil (Hell)
  9 trolls
  5 rime drakes
  A sea snake skeleton (Crypt:1)
  19 hellwings
  A guardian mummy (Crypt:3)
  A yellow draconian skeleton (Crypt:1)
  2 queen bees
  2 polar bears (shapeshifter)
  4 hydra zombies
  25 red devils
  A jumping spider (shapeshifter) (Depths:4)
  A queen bee (shapeshifter) (Depths:1)
  A harpy zombie (Crypt:3)
  A hornet (shapeshifter) (Vaults:1)
  25 hornets
  2 bloated husks
  6 meliai
  10 polar bears
  26 slime creatures
  3 fire dragon zombies
  A boulder beetle zombie (Crypt:1)
  2 ice dragon zombies
  9 tyrant leeches
  52 saltlings (Desolation)
  9 blink frogs
  A harpy skeleton (Geh:2)
  Grinder (D:5)
  5 hydra skeletons
  3 large abominations (Elf:1)
  3 ettin zombies
  3 spriggan zombies (Hell)
  6 redbacks
  A vampire (D:10)
  21 shadows
  A centaur simulacrum (D:15)
  48 flying skulls
  A stone giant simulacrum (Vaults:1)
  A spriggan (shapeshifter) (Elf:3)
  5 ettin skeletons
  2 ice dragon skeletons
  2 fire dragon skeletons
  2 ushabtiu (Crypt:3)
  23 water elementals
  9 basilisks
  A tarantella (Vaults:5)
  24 wraiths
  7 wyverns
  2 black mamba skeletons
  41 yaks
  A hog (D:12)
  3 basilisks (shapeshifter)
  2 neqoxecs (Swamp:4)
  33 fire elementals
  2 fire bats (Geh:3)
  2 chaos spawn (Swamp:4)
  A steam dragon (D:11)
  6 vampire mosquitoes
  16 swamp worms
  Menkaure (D:5)
  A two-headed ogre zombie (Crypt:2)
  A swamp worm (shapeshifter) (Vaults:3)
  2 soldier ants (shapeshifter)
  A warg (shapeshifter) (D:15)
  7 wargs
  2 cane toad zombies
  39 nagas
  18 hell hounds
  2 hydra simulacra (Hell)
  2 floating eyes (Depths:2)
  14 water moccasins
  A swamp drake (shapeshifter) (Depths:1)
  4 sky beasts
  2 black bears (shapeshifter)
  A gelid demonspawn skeleton (Crypt:1)
  A cane toad skeleton (Geh:3)
  18 ice beasts
  A merfolk skeleton (Geh:3)
  3 swamp drakes
  87 orc warriors
  7 black bears
  2 hornet zombies
  7 phantoms
  An eye of draining (D:15)
  2 swamp dragon zombies
  26 wolves
  4 elf zombies
  A manticore zombie (Geh:3)
  44 ogres
  21 boggarts
  15 necrophages
  A lemure (D:4)
  A manticore skeleton (Crypt:2)
  A snapping turtle skeleton (Geh:1)
  19 centaurs
  5 big kobolds
  A hog skeleton (Crypt:2)
  16 bullfrogs
  8 wyvern skeletons (Crypt:3)
  A scorpion (Lair:2)
  2 troll zombies
  A killer bee (shapeshifter) (Vaults:5)
  69 killer bees
  47 wights
  4 electric eels
  A troll skeleton (Geh:1)
  6 howler monkeys
  4 crimson imps
  2 quasits (D:4)
  A bullfrog zombie (D:10)
  A lava snake (D:8)
  12 jellies
  8 hounds
  A soldier ant zombie (Crypt:2)
  33 orc priests
  4 iron imps
  2 human skeletons
  4 iguanas
  Ijyb (D:4)
  Natasha (thrice) (D:2)
  31 orc wizards
  14 hell rats
  12 worker ants
  A big kobold zombie (Crypt:1)
  A killer bee zombie (D:7)
  6 ogre zombies
  3 hound skeletons
  12 gnolls
  10 adders
  3 shadow imps
  18 white imps
  2 ufetubi
  2 oozes (Lair:5)
  An adder skeleton (D:8)
  4 worms
  A dart slug (D:2)
  9 leopard geckos
  126 orcs
  3 giant cockroaches
  4 goblins
  14 hobgoblins
  8 jackals
  3 quokkas
  A ball python (D:2)
  A ball python skeleton (Crypt:2)
  17 bats
  7 frilled lizards
  A goblin skeleton (D:11)
  3 goblin zombies (D:11)
  2 hobgoblin skeletons (D:11)
  A hobgoblin zombie (D:11)
  28 kobolds
  A kobold simulacrum (Crypt:2)
  A kobold zombie (Geh:2)
  A leopard gecko skeleton (D:5)
  4 orc skeletons (D:11)
  8 orc zombies (D:11)
  A quokka zombie (D:5)
  11 rats
  3 tentacles (Hell)
  A withered plant (Crypt:3)
3103 creatures vanquished.

Vanquished Creatures (collateral kills)
  A very ugly thing (Depths:3)
  A great orb of eyes (Depths:3)
  A storm dragon zombie (Geh:1)
  A phantasmal warrior (Vaults:5)
  A moth of wrath (shapeshifter) (Vaults:5)
  A naga mage (Snake:4)
  A hellion (Geh:2)
  A wraith (Geh:1)
  A necrophage (Geh:1)
9 creatures vanquished.

Vanquished Creatures (others)
  A lich (Depths:3)
  An alligator (Swamp:3)
  An anaconda (Snake:2)
  16 dancing weapons
  A deep elf knight (Elf:1)
  An anaconda zombie (Geh:2)
  A frost giant zombie (Geh:3)
  A will-o-the-wisp (Swamp:1)
  A rime drake (Lair:5)
  A hellion (Hell)
  A demonic crawler (Hell)
  A saltling (Desolation)
  2 hydra skeletons
  An ettin zombie (Geh:3)
  2 shadows
  A wraith (Geh:3)
  2 humans (D:12)
  A hell hound (Snake:2)
  3 ogres (Vaults:3)
  A snapping turtle skeleton (Geh:3)
  A bullfrog (Lair:5)
  An orc wizard (Orc:1)
  2 hell rats (Hell)
  2 orcs (Orc:1)
  38 foxfires
  34 fungi
  51 plants
  A tentacle (Hell)
  10 withered plants
180 creatures vanquished.

Grand Total: 3292 creatures vanquished

Notes
Turn   | Place    | Note
-------+----------+-------------------------------------------
     0 | D:1      | Morbidden the Vine Stalker Fighter began the quest for the
                  | Orb.
     0 | D:1      | Reached XP level 1. HP: 11/11 MP: 2/2
   461 | D:1      | Reached XP level 2. HP: 13/16 MP: 2/4
   615 | D:1      | Reached skill level 1 in Spellcasting
  1062 | D:1      | Reached XP level 3. HP: 19/19 MP: 5/5
  1705 | D:2      | Reached skill level 3 in Shields
  2187 | D:2      | Found a shimmering altar of Xom.
  2265 | D:2      | Found a hide-covered altar of Uskayaw.
  2302 | D:2      | Gained mutation: Your natural rate of healing is unusually
                  | fast. [Vine Stalker growth]
  2302 | D:2      | Reached XP level 4. HP: 24/24 MP: 7/7
  2498 | D:2      | Noticed Natasha
  2507 | D:2      | Killed Natasha
  2508 | D:2      | Reached skill level 1 in Dodging
  2542 | D:2      | Noticed a centaur
  2551 | D:2      | Killed a centaur
  2552 | D:2      | Reached XP level 5. HP: 4/28 MP: 0/8
  2808 | D:2      | Noticed Natasha
  2822 | D:2      | Killed Natasha
  2946 | D:2      | Noticed Natasha
  2953 | D:2      | Killed Natasha
  3202 | D:3      | Reached XP level 6. HP: 32/33 MP: 9/9
  3844 | D:4      | Identified the +1 leather armour of the Barber Surgeon
                  | {rElec Dex+4} (You found it on level 4 of the Dungeon)
  3863 | D:4      | Reached skill level 1 in Slings
  3888 | D:4      | Noticed Ijyb
  3911 | D:4      | Reached XP level 7. HP: 32/37 MP: 11/11
  3929 | D:4      | Killed Ijyb
  4020 | D:4      | Noticed Pikel
  4113 | D:4      | Killed Pikel
  4114 | D:4      | Gained mutation: You have razor-sharp teeth. [Vine Stalker
                  | growth]
  4114 | D:4      | Reached XP level 8. HP: 40/42 MP: 12/14
  4173 | D:4      | Identified the +4 mace "Ugyceonk" {flame, *Contam rC+ SInv
                  | Stlth+} (You found it on level 4 of the Dungeon)
  4188 | D:4      | Found a staircase to the Ecumenical Temple.
  4206 | Temple   | Entered the Ecumenical Temple
  4311 | Temple   | Became a worshipper of Gozag Ym Sagoz the Greedy
  4937 | D:5      | Entered Level 5 of the Dungeon
  4937 | D:5      | Noticed Menkaure
  4942 | D:5      | Killed Menkaure
  4943 | D:5      | Reached skill level 1 in Short Blades
  4995 | D:4      | Reached skill level 4 in Shields
  5026 | D:5      | Noticed Grinder
  5028 | D:5      | Paralysed by Grinder for 5 turns
  5113 | D:5      | Learned a level 1 spell: Magic Dart
  5143 | D:5      | Killed Grinder
  5408 | D:5      | Reached skill level 1 in Conjurations
  5408 | D:5      | Reached XP level 9. HP: 37/46 MP: 11/16
  5423 | D:5      | Reached skill level 5 in Fighting
  6503 | D:6      | Found an ancient bone altar of Kikubaaqudgha.
  6504 | D:6      | Found a stormy altar of Qazlal.
  6504 | D:6      | Found a hazy altar of Hepliaklqana.
  6506 | D:6      | Found a sparkling altar of Nemelex Xobeh.
  6509 | D:6      | Found a snail-covered altar of Cheibriados.
  6903 | D:7      | Reached skill level 1 in Evocations
  7082 | D:7      | Reached skill level 5 in Long Blades
  7141 | D:7      | Found Jymnah's Antique Weapon Emporium.
  7501 | D:7      | Found a shadowy altar of Dithmenos.
  7501 | D:7      | Found a shimmering blue altar of Sif Muna.
  7705 | D:7      | Found Focis's Distillery.
  7942 | D:8      | Found a basalt altar of Yredelemnul.
  7962 | D:8      | Reached skill level 5 in Spellcasting
  8051 | D:8      | Reached XP level 10. HP: 50/53 MP: 16/19
  8118 | D:8      | Found a runed translucent door.
  8141 | D:8      | Found a staircase to the Lair.
  8439 | D:8      | Reached skill level 5 in Shields
  8791 | Lair:1   | Entered Level 1 of the Lair of Beasts
  8796 | Lair:1   | Bought a pair of glowing gloves for 255 gold pieces
  8912 | D:8      | Noticed a boulder beetle
  8992 | D:9      | Noticed a two-headed ogre
  9030 | D:9      | Killed a two-headed ogre
  9372 | D:9      | Found a burning altar of Makhleb.
  9483 | D:9      | Noticed Maggie
  9484 | D:9      | Noticed a two-headed ogre
  9499 | D:9      | Killed Maggie
  9509 | D:9      | Killed a two-headed ogre
  9510 | D:9      | Reached skill level 6 in Shields
  9510 | D:9      | Reached XP level 11. HP: 36/58 MP: 16/21
  9739 | D:9      | Reached skill level 5 in Armour
  9886 | D:10     | Entered Level 10 of the Dungeon
  9916 | D:10     | Reached skill level 5 in Dodging
 10106 | D:10     | Noticed Erolcha
 10117 | D:10     | Killed Erolcha
 10203 | D:10     | Found a transporter.
 10206 | D:10     | Noticed rruziro's ghost (novice MiFi)
 10267 | D:10     | Found a transporter.
 10294 | D:10     | Noticed Erica
 10314 | D:10     | Killed Erica
 10493 | D:10     | Found a sparkling altar of Nemelex Xobeh.
 10625 | D:10     | Noticed Joseph
 10643 | D:10     | Killed Joseph
 10938 | Lair:1   | Noticed a four-headed hydra
 10944 | Lair:1   | Killed a four-headed hydra
 11029 | Lair:1   | Reached skill level 5 in Conjurations
 11118 | Lair:1   | Gained mutation: You heal very quickly. [Vine Stalker
                  | growth]
 11118 | Lair:1   | Reached XP level 12. HP: 63/63 MP: 21/23
 11545 | Lair:2   | Found a staircase to the Swamp.
 11756 | Lair:2   | Noticed an eight-headed hydra
 11762 | Lair:2   | Killed an eight-headed hydra
 11802 | Lair:2   | Noticed a seven-headed hydra
 11806 | Lair:2   | Noticed a four-headed hydra
 11814 | Lair:2   | Killed a seven-headed hydra
 11824 | Lair:2   | Killed a four-headed hydra
 12064 | Lair:2   | Reached skill level 5 in Slings
 12190 | Lair:2   | Reached skill level 7 in Shields
 12588 | Lair:3   | Identified a scroll of acquirement
 12588 | Lair:3   | Acquired 1080 gold pieces
 12845 | Lair:3   | Reached skill level 5 in Short Blades
 13541 | Lair:3   | Reached XP level 13. HP: 68/68 MP: 25/25
 13885 | Lair:4   | Acquired 801 gold pieces
 13913 | Lair:4   | Noticed Rupert
 14133 | Lair:4   | Killed Rupert
 14356 | Lair:4   | Found a staircase to the Snake Pit.
 14868 | Lair:1   | Bought a steaming helmet for 266 gold pieces
 14868 | Lair:1   | Bought a pair of embroidered boots for 210 gold pieces
 14879 | Lair:1   | Identified the +0 helmet "Zomowen" {rF++} (You bought it in
                  | a shop on level 1 of the Lair of Beasts)
 15116 | Snake:1  | Entered Level 1 of the Snake Pit
 15116 | Snake:1  | Found a flickering gateway to a bazaar.
 15124 | Bazaar   | Entered a bazaar
 15137 | Bazaar   | Found Koklys's Distillery.
 15137 | Bazaar   | Found Vysyrgho's Gadget Shoppe.
 15173 | Bazaar   | Found Oliakkoc's Armour Emporium.
 15173 | Bazaar   | Found Meiroami's Book Emporium.
 15203 | Bazaar   | Bought a scarf of resistance for 384 gold pieces
 15231 | Bazaar   | Bought a potion of curing for 36 gold pieces
 15231 | Bazaar   | Bought a potion of curing for 36 gold pieces
 15231 | Bazaar   | Bought a potion of curing for 36 gold pieces
 15452 | Lair:5   | You fall into a shaft and drop 1 floor!
 15452 | Lair:6   | Entered Level 6 of the Lair of Beasts
 15539 | Lair:5   | Found a staircase to the Slime Pits.
 15665 | Lair:5   | Reached skill level 8 in Shields
 15665 | Lair:5   | Reached XP level 14. HP: 74/74 MP: 28/28
 15681 | Lair:5   | Reached skill level 1 in Stealth
 16155 | Lair:5   | Identified the Collected Works on the Sinister Snowflakes
 17718 | Lair:6   | Reached skill level 9 in Shields
 18725 | D:11     | Found a staircase to the Orcish Mines.
 19142 | D:11     | Found Wonik's Book Emporium.
 19760 | D:12     | Found Tubliwij's Magic Scroll Boutique.
 19905 | D:12     | Noticed Kirke
 19924 | D:12     | Killed Kirke
 19925 | D:12     | Reached XP level 15. HP: 79/79 MP: 26/29
 19960 | D:12     | Found Vaycos's Weapon Boutique.
 20445 | D:13     | Found a frozen archway.
 20486 | IceCv    | Entered an ice cave
 20821 | IceCv    | Identified the ring of Yllust {rF- Str+3 Int+4 SInv} (You
                  | found it in an ice cave)
 21651 | D:13     | Reached skill level 10 in Spellcasting
 22704 | D:14     | Found a gate to the Vaults.
 22990 | D:14     | Acquired 971 gold pieces
 23029 | D:14     | Reached skill level 10 in Shields
 23829 | Lair:1   | Bought the ring "Hufovith" {Wiz rF+ Str+8 Int+4 Dex-3} for
                  | 817 gold pieces
 23850 | Lair:1   | Learned a level 2 spell: Searing Ray
 23854 | Lair:1   | Learned a level 3 spell: Vampiric Draining
 24000 | D:14     | Reached skill level 10 in Fighting
 24053 | D:15     | Entered Level 15 of the Dungeon
 24068 | D:15     | Reached XP level 16. HP: 80/85 MP: 29/31
 24086 | D:15     | Reached skill level 1 in Necromancy
 24192 | D:15     | Found a gate leading to a gauntlet.
 24200 | Gauntlet | Entered a Gauntlet
 24200 | Gauntlet | Found a transporter.
 24203 | Gauntlet | Found a transporter.
 24219 | Gauntlet | Found a transporter.
 24223 | Gauntlet | Found a transporter.
 24225 | Gauntlet | Found a large runed translucent door.
 24226 | Gauntlet | Found a large runed translucent door.
 24227 | Gauntlet | Found a large runed translucent door.
 24227 | Gauntlet | Found a large runed translucent door.
 24227 | Gauntlet | Found a runed translucent door.
 24228 | Gauntlet | Found a large runed translucent door.
 24228 | Gauntlet | Found a runed translucent door.
 24229 | Gauntlet | Found a large runed translucent door.
 24229 | Gauntlet | Found a large runed translucent door.
 24229 | Gauntlet | Found a large runed translucent door.
 24229 | Gauntlet | Found a large runed translucent door.
 24229 | Gauntlet | Found a large runed translucent door.
 24230 | Gauntlet | Found a large runed translucent door.
 24230 | Gauntlet | Found a large runed translucent door.
 24231 | Gauntlet | Found a runed translucent gate.
 24231 | Gauntlet | Found a runed translucent gate.
 24231 | Gauntlet | Found a runed translucent gate.
 24233 | Gauntlet | Found a transporter.
 24245 | Gauntlet | Found a large runed translucent door.
 24246 | Gauntlet | Found a large runed translucent door.
 24255 | Gauntlet | Found a large runed translucent door.
 24255 | Gauntlet | Found a large runed translucent door.
 24255 | Gauntlet | Found a transporter.
 24268 | Gauntlet | Found a transporter.
 24286 | Gauntlet | Found a transporter.
 24290 | Gauntlet | Found a transporter.
 24298 | Gauntlet | Found a transporter.
 24330 | Gauntlet | Got a slimy marble ring
 24332 | Gauntlet | Got a warped granite ring
 24337 | Gauntlet | Identified the ring "Teashiahe" {rF+ Str+3 Slay+4} (You
                  | found it in a Gauntlet)
 24339 | Gauntlet | Identified the ring of Tiduh {rElec rC+} (You found it in a
                  | Gauntlet)
 24343 | Gauntlet | Got a polished plate armour
 24355 | Gauntlet | Identified the cursed +1 plate armour "Hero's Friend"
                  | {rPois Dex+2} (You found it in a Gauntlet)
 24385 | Gauntlet | Identified the +2 helmet "Giadd" {rPois rF+ rC- Will++}
                  | (You found it in a Gauntlet)
 24976 | D:15     | Identified the +3 long sword "Eczubb" {vorpal, Fragile
                  | rPois rN+++ Dex-3} (You found it on level 15 of the
                  | Dungeon)
 25254 | D:15     | Found a staircase to the Depths.
 25429 | Orc:1    | Entered Level 1 of the Orcish Mines
 26045 | Orc:1    | Reached skill level 10 in Long Blades
 26444 | Orc:2    | Entered Level 2 of the Orcish Mines
 26539 | Orc:2    | Found a staircase to the Elven Halls.
 26771 | Orc:2    | Found a roughly hewn altar of Beogh.
 26774 | Orc:2    | Found Uclax's Antique Armour Boutique.
 27083 | Orc:2    | Found a roughly hewn altar of Beogh.
 27098 | Orc:2    | Found a roughly hewn altar of Beogh.
 27098 | Orc:2    | Found Peceghet's Antique Weapon Shoppe.
 27300 | Orc:2    | Found a roughly hewn altar of Beogh.
 27388 | Orc:2    | Found Omuahyca's Antique Armour Emporium.
 27388 | Orc:2    | Found a roughly hewn altar of Beogh.
 27416 | Orc:2    | Found Duiplyef's Antique Weapon Shoppe.
 27517 | Orc:2    | Found a roughly hewn altar of Beogh.
 27729 | Lair:1   | Bought the amulet "Cofag" {rN+ Regen+ Dex+7 Stlth+} for 997
                  | gold pieces
 28087 | Swamp:1  | Entered Level 1 of the Swamp
 28497 | Swamp:1  | Noticed Jorgrun
 28504 | Swamp:1  | Found a runed translucent door.
 28504 | Swamp:1  | Noticed chispire's ghost (journeyman MiBe)
 28504 | Swamp:1  | Identified the +5 trident "Hoaph" {flame, rF+ SInv}
 28578 | Swamp:1  | Killed Jorgrun
 28579 | Swamp:1  | Reached skill level 1 in Throwing
 28699 | Swamp:1  | Killed chispire's ghost
 28720 | Swamp:1  | Got a pair of faintly glowing gloves
 28732 | Swamp:1  | Identified the cursed +0 pair of gloves of Hokuc {Rampage
                  | Str+2} (You found it on level 1 of the Swamp)
 29140 | Swamp:2  | Reached XP level 17. HP: 90/90 MP: 33/33
 30336 | Swamp:4  | Entered Level 4 of the Swamp
 30398 | Swamp:4  | Reached skill level 11 in Shields
 30956 | Swamp:4  | Paralysed by an ogre mage for 5 turns
 30966 | Swamp:4  | Paralysed by an ogre mage for 2 turns
 31120 | Swamp:4  | Reached skill level 5 in Necromancy
 31258 | Swamp:4  | Paralysed by a fenstrider witch for 5 turns
 31317 | Swamp:4  | Got a decaying rune of Zot
 31350 | Swamp:4  | Reached XP level 18. HP: 84/96 MP: 30/34
 32092 | Vaults:1 | Entered Level 1 of the Vaults
 32243 | Vaults:1 | Noticed a Tzitzimitl
 32246 | Vaults:1 | Noticed a Brimstone Fiend
 32279 | Vaults:1 | Reached skill level 10 in Dodging
 32868 | Vaults:1 | Reached skill level 12 in Shields
 34257 | Vaults:2 | Found a white marble altar of Elyvilon.
 34257 | Vaults:2 | Found a glowing silver altar of Zin.
 34264 | Vaults:2 | Found a glowing golden altar of the Shining One.
 34264 | Vaults:2 | Found a ruined gateway.
 34373 | Desolati | Entered the Desolation of Salt
 34539 | Desolati | Reached XP level 19. HP: 64/100 MP: 36/36
 34823 | Desolati | Identified the Grimoire of Attacks
 35091 | Desolati | HP: 1/101 [servant of whispers/bolt of lightning (8)]
 35853 | Desolati | Identified Wicegas's Tome of Transformation
 35893 | Desolati | Got a glittering lapis lazuli ring
 35900 | Desolati | Identified the ring "Ula Dovocaq" {AC+4 Str+5 Int+3 Dex+3}
                  | (You found it in the Desolation of Salt)
 36059 | Desolati | Identified the Tome of Malediction
 36062 | Desolati | Identified the Tome of Shifting Flames
 36065 | Desolati | Identified Vyicaots's Grimoire of Execration and Heat
 37162 | Vaults:2 | Reached XP level 20. HP: 107/107 MP: 37/37
 37306 | Vaults:2 | Found a staircase to the Crypt.
 37494 | Vaults:3 | Reached skill level 13 in Shields
 38064 | Vaults:3 | Found a roughly hewn altar of Beogh.
 38362 | Vaults:3 | Noticed Nikola
 38382 | Vaults:3 | Killed Nikola
 38386 | Vaults:3 | Noticed Boris
 38414 | Vaults:3 | Killed Boris
 38627 | Vaults:3 | Acquired 1066 gold pieces
 39062 | Vaults:4 | Reached XP level 21. HP: 112/112 MP: 39/39
 39257 | Vaults:4 | Reached skill level 5 in Stealth
 39534 | Vaults:4 | Noticed Boris
 39537 | Vaults:4 | Noticed Bai Suzhen
 39549 | Vaults:4 | Killed Boris
 39554 | Vaults:4 | Killed Bai Suzhen
 39715 | Vaults:4 | Found Touk's Antique Weapon Boutique.
 40368 | Vaults:4 | Reached skill level 5 in Evocations
 41680 | Snake:1  | Reached XP level 22. HP: 119/119 MP: 40/40
 41871 | Snake:2  | Noticed Asterion
 41887 | Snake:2  | Killed Asterion
 42048 | Snake:2  | Noticed Aizul
 42057 | Snake:2  | Killed Aizul
 42346 | Snake:2  | Noticed Vashnia
 42367 | Snake:2  | Killed Vashnia
 42368 | Snake:2  | Reached skill level 14 in Shields
 42548 | Snake:2  | Noticed Azrael
 42556 | Snake:2  | Killed Azrael
 42930 | Snake:3  | Reached skill level 10 in Necromancy
 43375 | Snake:3  | Found the +7 lajatang of Order {silver, rMut}
 43683 | Snake:4  | Entered Level 4 of the Snake Pit
 43930 | Snake:4  | Noticed Donald
 43943 | Snake:4  | Killed Donald
 44432 | Snake:4  | Got a serpentine rune of Zot
 44534 | Snake:4  | Reached XP level 23. HP: 109/124 MP: 35/42
 44966 | Elf:1    | Entered Level 1 of the Elven Halls
 45631 | Elf:1    | Identified the Disquisition on Sinister Rites
 46647 | Elf:2    | Found a huge runed translucent gate.
 46647 | Elf:2    | Found a huge runed translucent gate.
 46652 | Elf:2    | Found a huge runed translucent gate.
 46652 | Elf:2    | Found a huge runed translucent gate.
 46652 | Elf:2    | Found a huge runed translucent gate.
 46721 | Elf:3    | Entered Level 3 of the Elven Halls
 46721 | Elf:3    | Found the +6 arbalest "Damnation" {damnation}
 46722 | Elf:3    | Identified Lishrithre's Collected Works on Flight and
                  | Poisoning
 46724 | Elf:3    | Identified the amulet of Hepliaklqana's Respect {Reflect
                  | Int+2 SH+5} (You found it on level 3 of the Elven Halls)
 46961 | Elf:3    | Identified the +5 hunting sling "Fohueson" {speed, +Inv
                  | rC+} (You found it on level 3 of the Elven Halls)
 47457 | Elf:3    | Reached skill level 15 in Shields
 47493 | Elf:3    | Identified the amulet of Poazxor {RegenMP Fragile rPois
                  | rF+++ SInv} (You found it on level 3 of the Elven Halls)
 47504 | Elf:3    | Identified the quicksilver dragon scales "Hisch" {Will+
                  | Dex+5 SInv} (You found it on level 3 of the Elven Halls)
 48265 | D:8      | Upgraded the game from 0.27-a0-74-gebd156f8b4 to
                  | 0.27-a0-75-g9f9dfd16e9
 48575 | Crypt:1  | Entered Level 1 of the Crypt
 48576 | Crypt:1  | Noticed Boris
 48591 | Crypt:1  | Killed Boris
 48711 | Crypt:1  | Reached XP level 24. HP: 121/130 MP: 42/42
 48730 | Crypt:1  | Reached skill level 10 in Armour
 48750 | Crypt:1  | Learned a level 6 spell: Eringya's Noxious Bog
 48816 | Crypt:1  | Reached skill level 15 in Fighting
 48959 | Crypt:1  | Noticed Mara
 48978 | Crypt:1  | Noticed Morbidden's illusion
 48991 | Crypt:1  | Noticed Morbidden's illusion
 49000 | Crypt:1  | Killed Mara
 49001 | Crypt:1  | Reached skill level 15 in Long Blades
 49001 | Crypt:1  | Reached skill level 1 in Transmutations
 49001 | Crypt:1  | Reached skill level 1 in Poison Magic
 49394 | Crypt:2  | Reached skill level 15 in Spellcasting
 49415 | Crypt:2  | Paralysed by something for 5 turns
 50188 | Crypt:2  | Found a basalt altar of Yredelemnul.
 50479 | Crypt:3  | Entered Level 3 of the Crypt
 50557 | Crypt:3  | Noticed Boris
 50589 | Crypt:3  | Killed Boris
 50714 | Crypt:3  | Identified the Volume of Evil Arts
 51006 | Crypt:3  | Found an ancient bone altar of Kikubaaqudgha.
 51201 | Crypt:3  | Identified the ring "Korututi" {rPois Str+6 Slay+4 Stlth+}
                  | (You found it on level 3 of the Crypt)
 51258 | Crypt:3  | Reached XP level 25. HP: 136/136 MP: 43/43
 51308 | Crypt:3  | Noticed an ancient lich
 51318 | Crypt:3  | Killed an ancient lich
 51325 | Crypt:3  | Identified the Catalogue of Shifting Combat Magic
 51332 | Crypt:3  | Identified the Tome of Dark Feathers
 51339 | Crypt:3  | Identified the ring "Fojiwnuj" {rElec rF+ rC++ Slay-5 SInv}
                  | (You found it on level 3 of the Crypt)
 51687 | Crypt:3  | Found a staircase to the Tomb.
 51687 | Crypt:3  | Noticed a royal mummy
 51708 | Crypt:3  | Killed a royal mummy
 52320 | Crypt:3  | Identified Xoyna's Tome of Darkness
 52323 | Crypt:3  | Identified the +8 plate armour of Abomodit {Will+ Stlth+}
                  | (You found it on level 3 of the Crypt)
 52602 | Depths:1 | Entered Level 1 of the Depths
 52685 | Depths:1 | Reached skill level 5 in Transmutations
 52758 | Depths:1 | Found a gateway to a ziggurat.
 52764 | Depths:1 | Reached skill level 5 in Poison Magic
 52766 | Depths:1 | Found a one-way gate to the infinite horrors of the Abyss.
 52931 | Depths:1 | Found a gateway to Hell.
 53000 | Depths:1 | Reached skill level 16 in Shields
 53314 | Hell     | Entered the Vestibule of Hell
 53314 | Hell     | Noticed Geryon
 53627 | Depths:2 | Reached XP level 26. HP: 134/144 MP: 42/43
 54176 | Depths:2 | Paralysed by a floating eye for 4 turns
 54294 | Depths:2 | Identified the ring "Fust" {rN+ Will- Str+3 Int+5 Stlth+}
                  | (You found it on level 2 of the Depths)
 54890 | Depths:3 | Noticed a juggernaut
 54901 | Depths:3 | Killed a juggernaut
 54942 | Depths:3 | Noticed a juggernaut
 54960 | Depths:3 | Killed a juggernaut
 55247 | Depths:3 | Noticed the Enchantress
 55253 | Depths:3 | Noticed Sojobo
 55289 | Depths:3 | Found a one-way gate leading to the halls of Pandemonium.
 55345 | Depths:3 | Identified the Grimoire of Shifting Displacement
 55356 | Depths:3 | Learned a level 8 spell: Lehudib's Crystal Spear
 55569 | Depths:3 | Reached XP level 27. HP: 131/149 MP: 39/44
 55571 | Depths:3 | Killed the Enchantress
 55572 | Depths:3 | Reached skill level 1 in Earth Magic
 55684 | Depths:3 | Killed Sojobo
 55800 | Depths:3 | Reached skill level 10 in Evocations
 56559 | Depths:4 | Noticed Boris
 56573 | Depths:4 | Killed Boris
 56588 | Depths:4 | Noticed Louise
 56601 | Depths:4 | Killed Louise
 56613 | Depths:4 | Noticed Frederick
 56624 | Depths:4 | Killed Frederick
 57060 | Depths:4 | Reached skill level 17 in Shields
 57364 | Depths:4 | Found the +18 shield of the Gong {rElec rN+ Will+ EV-5}
 57532 | Depths:5 | Entered Level 5 of the Depths
 57775 | Depths:5 | Noticed an ancient lich
 57776 | Depths:5 | Found a transporter.
 57813 | Depths:5 | Noticed an ancient lich
 57814 | Depths:5 | Noticed Dwachs's ghost (veteran GnIE)
 57815 | Depths:5 | Identified the +2 demon whip "Liobacuho" {distort, rF+}
 57815 | Depths:5 | Identified the ring "Ixtuenuc" {rF++ Will- Int+6 Dex+9}
 58186 | Depths:5 | Found a gate to the Realm of Zot.
 58370 | Depths:5 | Found a transporter.
 59054 | Vaults:5 | Entered Level 5 of the Vaults
 59055 | Vaults:5 | Noticed Boris
 59069 | Vaults:5 | Reached skill level 10 in Conjurations
 59094 | Vaults:5 | Killed Boris
 59115 | Vaults:5 | Reached skill level 5 in Earth Magic
 59127 | Vaults:5 | Identified the +10 hunting sling "Xexaec" {vorpal, +Inv rC+
                  | Int+3}
 59260 | Vaults:5 | Reached skill level 18 in Shields
 59873 | Vaults:5 | Identified the cursed +0 cloak of the Northern Lights {+Fly
                  | rElec MP+9 Int-4} (You found it on level 5 of the Vaults)
 59910 | Vaults:5 | Learned a level 4 spell: Iskenderun's Mystic Blast
 59985 | Vaults:5 | Got a silver rune of Zot
 60120 | Vaults:5 | Identified Netapsor's Catalogue of Feathery Creation
 60756 | Lair:1   | Bought a glowing crystal plate armour for 2988 gold pieces
 60756 | Lair:1   | Bought a scroll of acquirement for 1872 gold pieces
 60758 | Lair:1   | Acquired 717 gold pieces
 60765 | Lair:1   | Upgraded the game from 0.27-a0-75-g9f9dfd16e9 to
                  | 0.27-a0-96-gb51a1d6fd6
 61224 | Hell     | Reached skill level 1 in Translocations
 61241 | Depths:5 | Reached skill level 10 in Transmutations
 61443 | Hell     | Killed Geryon
 61554 | Hell     | Found a gateway to the freezing wastes of Cocytus.
 61581 | Hell     | Reached skill level 10 in Short Blades
 61707 | Hell     | Found a gateway to the ashen valley of Gehenna.
 61760 | Hell     | Found a gateway to the Iron City of Dis.
 61971 | Hell     | Found a gateway to the decaying netherworld of Tartarus.
 62150 | Geh:1    | Entered Level 1 of Gehenna
 62886 | Geh:1    | Reached skill level 15 in Necromancy
 63540 | Geh:2    | Reached skill level 5 in Translocations
 63747 | Geh:2    | Reached skill level 15 in Dodging
 64822 | Geh:3    | Upgraded the game from 0.27-a0-96-gb51a1d6fd6 to
                  | 0.27-a0-277-g024f7ef292
 66003 | Geh:3    | Quit the game

Illustrated notes

Levels and vault maps discovered:
D:1:      dpeg_arrival_solitude, layout_basic
D:2:      layout_basic, overflow_temple_1_default, brannock_xom_greatest_gift,
          uniq_natasha
D:3:      layout_basic
D:4:      layout_loops_cross, minmay_temple_entry_offerings, uniq_pikel,
          uniq_ijyb
D:5:      layout_cave_pools, uniq_grinder, uniq_menkaure
D:6:      layout_loops_corners, minitemple, serial_bayou, serial_bayou_shore_b,
          serial_bayou_shore_b, serial_bayou_pond_e, serial_bayou_ford_a,
          serial_bayou_pond_c, chequers_serial_rivers_large_a,
          minmay_fractal_squares_5
D:7:      layout_loops_ring, amethyst_overflow_temple_binary, serial_shops,
          shop, shop_fountains, minmay_circle_x
D:8:      gammafunk_indiana_jones, layout_basic, lair_entry_dummy, basic_altar
D:9:      layout_roguey, makhleb_heckhound_becter, uniq_maggie
D:10:     layout_basic, gammafunk_ghost_stat_death,
          nemelex_diamond_rough_becter, uniq_joseph, uniq_erica, uniq_erolcha
D:11:     layout_basic, zombieorc1_lemuel, serial_shops, shop
D:12:     layout_stronghold, serial_shops, nicolae_shop_statue_plus,
          nicolae_shop_window_shopping, uniq_kirke
D:13:     layout_basic, portal_ice_cave_entry_imps, special_room
          [special_room_orc], kennysheep_cross_bottleneck
D:14:     layout_gridville, david_vaults_4, hangedman_abyss_or_decor_slice
D:15:     grunt_enter_depths_hoard, layout_basic, nicolae_benzene_ring,
          gauntlet_entry_generic
Temple:   nicolae_temple_figure_eight
Lair:1:   layout_misc_corridors, minmay_lair_oklob_chamber
Lair:2:   layout_chaotic_city, swamp_mist_pool, cheibrodos_lair_lostbears,
          grunt_megastairs_1, lemuel_fruit_tree
Lair:3:   layout_regular_city
Lair:4:   layout_misc_corridors, guppyfry_snake_entry_island, uniq_rupert
Lair:5:   regret_index_bee_streams, layout_gridlike,
          nicolae_slime_entry_slimehenge
Lair:6:   minmay_lair_end_enchanted_forest, layout_regular_city,
          grunt_megastairs_5
Swamp:1:  layout_basic_swamp, ebering_ghost_funeral_grove,
          evilmike_swamp_ruin_house_1, infiniplex_staircase_pool_2, uniq_jorgrun
Swamp:2:  layout_falls_marsh, nicolae_swamp_orc_logging_accident, swamp_pool3,
          infiniplex_staircase_pool
Swamp:3:  layout_falls_marsh, evilmike_swamp_ruin_house_6
Swamp:4:  nzn_swamp_witches_coven, layout_basic_swamp, swamp_pool2
Snake:1:  layout_gridlike, serial_shops, bzr_entry_water, st_stairs_9,
          grunt_ministairs_2
Snake:2:  layout_concentric_octagons, drop_trap,
          hangedman_snake_thin_pillar_pass, uniq_asterion, uniq_azrael,
          uniq_aizul, uniq_vashnia
Snake:3:  layout_cave_shapes, st_stairs_13
Snake:4:  grunt_snake_rune_serpentine_throne, layout_misc_corridors,
          special_room, uniq_donald
Orc:1:    cheibrodos_orc_bank, layout_caves, hangedman_minor_magic
Orc:2:    grunt_orc_community_town_hall, layout_caves,
          grunt_orc_community_big_house_1, grunt_orc_community_big_house_1,
          grunt_orc_community_house_3, grunt_orc_community_house_3,
          grunt_orc_community_house_1, grunt_orc_community_house_3,
          grunt_orc_community_house_2
Elf:1:    elf_arrival_001, layout_onion_city, minmay_elf_necromancy
Elf:2:    layout_geoelf_diagonals
Elf:3:    minmay_elf_hall_statues, layout_geoelf_diagonals,
          nicolae_twisting_strands
Vaults:1: hangedman_vaults_impose, grunt_vaults_hallway_short,
          hangedman_vaults_snaps, nicolae_vaults_theta, dpeg_vaults_monster_row,
          nicolae_vaults_hallways_thing, grunt_vaults_diagonal,
          special_room_vaults [special_room_orc], ontoclasm_vaults_twist,
          layout_vaults_chaotic_city
Vaults:2: v_misc_17, grunt_vaults_focal, vaults_room_fancy_cross,
          nicolae_vaults_branching_niches, nicolae_vaults_yaktaur_gun_rack,
          ontoclasm_vaults_ring_square, nicolae_vaults_little_squares_2,
          ontoclasm_vaults_ligature, nicolae_vaults_gold_heap,
          minmay_crypt_entry_simple_corners, hangedman_vaults_slice,
          layout_vaults_maze, portal_desolation_entry_holy_temple
Vaults:3: ontoclasm_vaults_ring_large, ontoclasm_vaults_ring_large, v_misc_12,
          grunt_vaults_funnel, ontoclasm_vaults_tryst, special_room_vaults
          [special_room_orc], vaults_room_door_ring, v_misc_2,
          vaults_room_hallway, nicolae_vaults_little_squares_2, v_misc_8,
          hangedman_vaults_cutoff, v_misc_11, layout_vaults_omnibox,
          uniq_nikola, uniq_boris
Vaults:4: hangedman_vaults_trim, vaults_room_hallway,
          nicolae_vaults_quartermaster, hangedman_vaults_nodes,
          nicolae_vaults_network_square, hangedman_vaults_corner,
          nicolae_vaults_ring_of_whatevers, vaults_room_boxed,
          vaults_mumra_minichess, grunt_vaults_hallway_long,
          vaults_dpeg_encased_lava, layout_vaults_ring, serial_shops,
          nicolae_shop_overgrown_old_shop, uniq_bai_suzhen
Vaults:5: serial_shops
Crypt:1:  layout_rooms, hangedman_batty, uniq_mara, uniq_margery
Crypt:2:  gammafunk_crypt_yreds_forest, layout_misc_corridors
Crypt:3:  evilmike_haunted_forest
Depths:1: layout_cave_shapes, enter_ziggurat_b, abyss_entry,
          chequers_serial_rivers_micro_b, grunt_metal_band,
          kennysheep_generic_room_5
Depths:2: minmay_stepped, layout_cave_pools, hell_entry, abyss_entry,
          hangedman_abyss_or_decor_passed, serial_column_ruins,
          column_ruins_square_large, column_ruins_columns_corner,
          column_ruins_open_small, column_ruins_corridor_T,
          column_ruins_open_tiny, minmay_misc_feat_room
Depths:3: box_level_dp, hell_entry, pan_entry, uniq_sojobo, uniq_enchantress
Depths:4: minmay_octo_star, layout_cave_shapes,
          nicolae_abyss_entry_one_way_or_another, roderic_lattice_a, hell_entry,
          uniq_frederick
Depths:5: evilmike_zot_entry_diamond, layout_gridlike,
          gammafunk_ghost_abyssal_escape, corexii_corridor_pit,
          pf_hell_entry_tar_river, minmay_strange_pillars
Hell
Geh:1:    layout_gehenna_pools_triple
Geh:2:    layout_gehenna_lava_caves
Geh:3:    layout_gehenna_pools_box, gehenna_fire_generator

Skill      XL: |  1  2  3  4  5  6  7  8  9 10 11 12 13 14 15 16 17 18 19 20 21 22 23 24 25 26 27 |
---------------+----------------------------------------------------------------------------------+-----
Spellcasting   | 1 2 3 4 5 6 7 9 10 11 12 13 14 15 16 17 | 17.8
Long Blades    | 2 3 4 5 6 7 8 9 10 11 12 13 14 15 16 | 16.0
Fighting       | 3 4 5 6 7 8 9 10 11 12 13 14 15 16 17 | 17.9
Shields        | 3 4 6 7 8 9 10 11 12 13 14 15 16 18 | 18.7
Dodging        | 1 2 3 4 5 6 7 8 9 10 11 12 13 14 15 | 15.2
Armour         | 3 4 5 6 7 8 9 10 11 | 11.5
Slings         | 1 2 3 5 6 7 8 9 |  9.6
Short Blades   | 2 3 4 5 6 7 8 9 10 | 10.5
Conjurations   | 1 2 4 5 6 7 8 9 12 | 12.0
Evocations     | 1 2 3 5 6 7 8 9 10 | 10.4
Stealth        | 2 3 4 5 6 7 9 |  9.5
Necromancy     | 3 5 6 7 8 9 10 11 12 13 15 | 15.4
Throwing       | 1 2 |  2.8
Transmutations | 4 6 7 11 | 11.1
Poison Magic   | 3 5 7 |  7.9
Earth Magic    | 8 |  8.0
Translocations | 7 |  7.2

Action                   |  1- 3 |  4- 6 |  7- 9 | 10-12 | 13-15 | 16-18 | 19-21 | 22-24 | 25-27 || total
-------------------------+-------+-------+-------+-------+-------+-------+-------+-------+-------++-------
Melee: Long sword        |   144 |   104 |    23 |       |       |       |       |       |       ||   271
       Bite              |    29 |    41 |   185 |   206 |   626 |   883 |   740 |   810 |  1982 ||  5502
       Dagger            |       |       |   546 |   574 |  1486 |  1631 |   283 |       |       ||  4520
       Demon blade       |       |       |       |       |       |       |   909 |  1402 |   928 ||  3239
       Quick blade       |       |       |       |       |       |       |       |       |  2218 ||  2218
 Fire: Hunting sling     |       |    30 |    12 |   170 |   289 |   356 |    24 |       |     7 ||   888
Throw: Javelin           |       |     4 |     4 |       |     7 |     9 |    11 |    21 |       ||    56
       Dart              |       |       |       |       |       |     7 |       |       |       ||     7
       Boomerang         |       |       |       |       |       |       |       |     2 |    22 ||    24
 Cast: Magic Dart        |       |       |       |       |       |     9 |     2 |       |       ||    11
       Searing Ray       |       |       |       |       |       |     8 |     1 |     1 |     1 ||    11
       Vampiric Draining |       |       |       |       |       |       |    15 |    22 |       ||    37
       Iskenderun's Myst |       |       |       |       |       |       |       |       |    25 ||    25
       Eringya's Noxious |       |       |       |       |       |       |       |       |     2 ||     2
Invok: Call Merchant     |       |       |       |     1 |     6 |     2 |     3 |     2 |     2 ||    16
Evoke: Wand              |       |       |    21 |     2 |     3 |     4 |       |     1 |     2 ||    33
       Tin of tremorston |       |       |       |       |     4 |     3 |     3 |     7 |    13 ||    30
       Condenser vane    |       |       |       |       |       |       |     2 |     2 |     9 ||    13
       Box of beasts     |       |       |       |       |       |       |       |     1 |     2 ||     3
       Horn of Geryon    |       |       |       |       |       |       |       |       |     2 ||     2
  Use: Scroll            |       |     5 |     8 |     9 |    23 |    25 |    16 |    15 |    10 ||   111
       Potion            |       |       |       |     1 |       |     7 |     3 |       |       ||    11
 Stab: Distracted        |       |       |       |       |     7 |    19 |    18 |    14 |    44 ||   102
       Confused          |       |       |       |       |     1 |       |       |       |       ||     1
       Petrifying        |       |       |       |       |       |     1 |       |       |       ||     1
       Petrified         |       |       |       |       |       |     1 |       |       |       ||     1
Armor: Scale mail        |    82 |    38 |       |       |       |       |       |       |       ||   120
       Plate armour      |       |    23 |   238 |   304 |   577 |   479 |   216 |   323 |   484 ||  2644
Dodge: Dodged            |    48 |    43 |    43 |    62 |   217 |   328 |   225 |   308 |   352 ||  1626
Block: Kite shield       |    92 |    73 |     9 |       |       |       |       |       |   913 ||  1087
       Tower shield      |       |       |   265 |   447 |  1092 |  1208 |   833 |  1093 |   926 ||  5864
       Rpst.: Long sword |    13 |    12 |     1 |       |       |       |       |       |       ||    26
       Demon blade       |       |       |       |       |       |       |    32 |    55 |    33 ||   120

Table legend: (Time is in decaauts)
 A = Elapsed time spent in this place.
 B = Non-inter-level travel time spent in this place.
 C = Inter-level travel time spent in this place.
 D = Time resting spent in this place.
 E = Time spent auto-exploring this place.
 F = Levels seen in this place.
 G = Mean time per level.
                   A        B        C        D        E       F      G
               +--------+--------+--------+--------+--------+-----+--------+
         Total |  62484 |  56130 |   6354 |   2338 |  37362 |  56 | 1115.8 |
       Dungeon |  18473 |  15374 |   3099 |    714 |  10887 |  15 | 1231.5 |
        Temple |    124 |    109 |     15 |      0 |     89 |   1 |  124.0 |
          Lair |   7892 |   6901 |    991 |    529 |   4589 |   6 | 1315.3 |
         Swamp |   3831 |   3608 |    223 |    209 |   2312 |   4 |  957.8 |
     Snake Pit |   3653 |   3420 |    233 |      3 |   2552 |   4 |  913.2 |
  Orcish Mines |   2148 |   1898 |    250 |      0 |   1212 |   2 | 1074.0 |
   Elven Halls |   3028 |   2875 |    153 |    152 |   2015 |   3 | 1009.3 |
        Vaults |   7612 |   6829 |    783 |    226 |   4418 |   5 | 1522.4 |
         Crypt |   3610 |   3472 |    138 |    102 |   2192 |   3 | 1203.3 |
        Depths |   5892 |   5460 |    432 |    253 |   3485 |   5 | 1178.4 |
          Hell |    752 |    740 |     12 |      0 |    477 |   1 |  752.0 |
       Gehenna |   3010 |   2988 |     22 |      0 |   2082 |   3 | 1003.3 |
        Bazaar |    119 |    119 |      0 |      0 |     66 |   1 |  119.0 |
      Ice Cave |    522 |    522 |      0 |      2 |    275 |   1 |  522.0 |
    Desolation |   1565 |   1565 |      0 |    143 |    679 |   1 | 1565.0 |
      Gauntlet |    246 |    246 |      0 |      3 |     31 |   1 |  246.0 |
               +--------+--------+--------+--------+--------+-----+--------+

Top non-repeatable levels by time:
    D:14: 2200 daAuts
Depths:3: 1956 daAuts
     D:8: 1912 daAuts
 Crypt:3: 1835 daAuts
Vaults:1: 1805 daAuts
     D:1: 1632 daAuts
Vaults:2: 1612 daAuts
  Lair:5: 1568 daAuts
Desolation: 1565 daAuts
Vaults:3: 1510 daAuts
     D:2: 1493 daAuts
  Lair:6: 1474 daAuts
Vaults:4: 1442 daAuts
Depths:5: 1332 daAuts
  Lair:1: 1302 daAuts
